 Dungeon Crawl Stone Soup version 0.29.0-4-gdea44cf6ec (webtiles) character file.

Game seed: 10591762770732117450

123 qw the Chopper (level 5, -2/30 HPs)
             Began as a Tengu Warper on Aug 28, 2022.
             Slain by an iguana (7 damage)
             ... on level 4 of the Dungeon.
             The game lasted 00:00:17 (2895 turns).

qw the Chopper (Tengu Warper)                       Turns: 2895, Time: 00:00:18

Health: -2/30      AC:  8    Str: 10 (13) XL:     5   Next: 7%
Magic:  18/18      EV:  5    Int: 12 (14) God:
Gold:   98         SH:  0    Dex: 13      Spells: 8/8 levels left

rFire   + . .      SeeInvis .   Y - +0 hand axe
rCold   + + +      Faith    .   (no shield)
rNeg    . . .      Spirit   .   h - +0 chain mail {rC+}
rPois   +          Reflect  .   (helmet restricted)
rElec   .          Harm     .   (no cloak)
rCorr   .          Rampage  .   (no gloves)
Will    +....                   (boots unavailable)
Stlth   ..........              b - amulet of the acrobat
HPRegen 0.10/turn               j - ring "Hyhoole" {rPois rF+ rC++ Will+ MP+9}
MPRegen 0.16/turn               (no ring)

@: flying quickly and evasively, quick
A: beak, talons 3, nimble flight, horns 1, wild magic 1
a: no special abilities


You were on level 4 of the Dungeon.
You visited 1 branch of the dungeon, and saw 4 of its levels.

You collected 176 gold pieces.
You spent 78 gold pieces at shops.


Innate Abilities, Weirdness & Mutations

You have a beak for a mouth.
You have claws for feet.
Your magical nature lets you fly swiftly and evasively.
You have a pair of small horns on your head.
Your spells are a little harder to cast, but a little more powerful.


   Skills:
 - Level 2.0 Fighting
 - Level 5.6 Axes
 - Level 1.0 Throwing
 + Level 1.1 Armour
 - Level 2.1 Dodging
 - Level 2.0 Spellcasting
 - Level 2.4 Translocations


You had 8 spell levels left.
You didn't know any spells.
Your spell library contained the following spells:

 Spells                   Type           Power      Damage    Failure   Level
 Blink                    Tloc           18%        N/A       100%        2
 Gell's Gravitas          Tloc           9%         N/A       100%        3
 Lesser Beckoning         Tloc           9%         N/A       100%        3
 Teleport Other           Tloc           9%         N/A       100%        3
 Manifold Assault         Tloc           9%         N/A       100%        5

Inventory:

Hand Weapons
 e - a +1 whip of draining
 Y - a +0 hand axe (weapon)
Missiles
 g - 6 boomerangs (quivered)
Armour
 h - a +0 chain mail of cold resistance (worn)
Jewellery
 b - an amulet of the acrobat (around neck)
 j - the ring "Hyhoole" (left hand) {rPois rF+ rC++ Will+ MP+9}
   (You acquired it on level 3 of the Dungeon)

   [ring of magical power]

   rF:        It protects you from fire.
   rC:        It greatly protects you from cold.
   rPois:     It protects you from poison.
   MP:        It affects your magic capacity (+9).
   Will:      It increases your willpower.
Scrolls
 a - 3 scrolls of identify
 d - a scroll of enchant armour
Potions
 i - a potion of haste
 k - 2 potions of curing
 l - a potion of resistance
 m - 2 potions of mutation

Dungeon Overview and Level Annotations

Branches:
Dungeon (4/15)
 Temple: D:4-7

Altars:
Yredelemnul

Shops:
D:2 !


Message History

2868 ||| READING scroll labelled QENGINOOT QUYM.
As you read the scroll labelled QENGINOOT QUYM, it crumbles to dust.
You feel momentarily disoriented.
It was a scroll of magic mapping.
Done exploring.
2869 ||| READING 4 scrolls of identify.
As you read the scroll of identify, it crumbles to dust.
l - a potion of resistance;
2869 ||| IDENTIFYING purple potion Done exploring.
(D) Dungeon
Where to? (* - list waypoints, Enter - D:3, ? - help)
What level of the Dungeon? (default 1, ? - help)
There is a stone staircase leading down here.
You fly downwards.
There is a stone staircase leading up here.
Existing waypoints: (1) D:2 (2) D:3 Assign waypoint to what number? (0-9, D - delete waypoint) Waypoint 1 re-assigned from D:2 to D:4.
An iguana comes into view.
The iguana hisses angrily.
You hit the iguana but do no damage. You claw the iguana.
You headbutt the iguana.
The iguana is moderately wounded.
The iguana bites you but does no damage.
You closely miss the iguana. You claw the iguana. You headbutt the iguana.
The iguana is heavily wounded.
The iguana bites you!
You hit the iguana but do no damage. Your headbutt misses the iguana.
The iguana is heavily wounded.
The iguana bites you!
You hit the iguana.
The iguana is severely wounded.
The iguana bites you!
You closely miss the iguana. You claw the iguana, but do no damage.
The iguana is severely wounded.
The iguana bites you.
You hit the iguana. Your headbutt misses the iguana. You peck the iguana.
The iguana is almost dead.
The iguana bites you!
You die...

###
#<#
#.#
#.#
#@#
#.l.#
#####


You could see an iguana.

Vanquished Creatures
  An orc priest (D:3)
  3 adders
  A worm (D:3)
  A dart slug (D:2)
  3 orcs (D:3)
  4 ball pythons
  7 endoplasms
  8 giant cockroaches (D:1)
  4 goblins (D:1)
  7 hobgoblins
  2 quokkas
  3 bats
  4 frilled lizards
  3 kobolds
  A rat (D:1)
52 creatures vanquished.

Notes
Turn   | Place    | Note
-------+----------+-------------------------------------------
     0 | D:1      | qw the Tengu Warper began the quest for the Orb.
     0 | D:1      | Reached XP level 1. HP: 12/12 MP: 4/4
     0 | D:1      | 0 ||| qw: Version: 0.1-a-89-g26bdef1
     0 | D:1      | 0 ||| qw: Game counter: 1391
     0 | D:1      | 0 ||| qw: Always use a shield: true
     0 | D:1      | 0 ||| qw: God list: Okawaru
     0 | D:1      | 0 ||| qw: Allow faded altars: false
     0 | D:1      | 0 ||| qw: Do Orc after D:15 true
     0 | D:1      | 0 ||| qw: Do second Lair branch before Depths: true
     0 | D:1      | 0 ||| qw: Lair rune preference: random
     0 | D:1      | 0 ||| qw: Plans: Normal
     0 | D:1      | 0 ||| PLANNING D:1-11
   153 | D:1      | Reached XP level 2. HP: 16/17 MP: 6/6
   156 | D:1      | Reached skill level 3 in Axes
   198 | D:1      | 198 ||| Stepping ~*~*~tactically~*~*~ (stealth).
   199 | D:1      | 199 ||| Stepping ~*~*~tactically~*~*~ (stealth).
   226 | D:1      | 226 ||| Stepping ~*~*~tactically~*~*~ (stealth).
   432 | D:1      | 432 ||| Stepping ~*~*~tactically~*~*~ (stealth).
   812 | D:1      | 812 ||| Stepping ~*~*~tactically~*~*~ (stealth).
   817 | D:1      | Reached XP level 3. HP: 21/21 MP: 7/7
   875 | D:1      | 875 ||| Stepping ~*~*~tactically~*~*~ (stealth).
   911 | D:1      | Reached skill level 4 in Axes
   973 | D:1      | 973 ||| Stepping ~*~*~tactically~*~*~ (stealth).
  1252 | D:1      | 1252 ||| UPGRADING to +0 ring mail.
  1262 | D:1      | 1262 ||| DROPPING +0 leather armour.
  1263 | D:1      | 1263 ||| READING 2 scrolls labelled WUOSEI KOCUFAV.
  1264 | D:1      | 1264 ||| READING scroll labelled HEAM RIMIROAN.
  1265 | D:1      | 1265 ||| READING scroll labelled ACIOKE SURUSEW.
  1266 | D:1      | 1266 ||| DRINKING 2 inky potions.
  1267 | D:1      | 1267 ||| DROPPING scroll of blinking.
  1296 | D:2      | Found a faded altar of an unknown god.
  1322 | D:2      | 1322 ||| Stepping ~*~*~tactically~*~*~ (stealth).
  1325 | D:2      | 1325 ||| Stepping ~*~*~tactically~*~*~ (stealth).
  1476 | D:2      | 1476 ||| Stepping ~*~*~tactically~*~*~ (stealth).
  1480 | D:2      | 1480 ||| Stepping ~*~*~tactically~*~*~ (stealth).
  1482 | D:2      | 1482 ||| Stepping ~*~*~tactically~*~*~ (stealth).
  1555 | D:2      | 1555 ||| Stepping ~*~*~tactically~*~*~ (stealth).
  1578 | D:2      | Found Ymuis's Distillery.
  1616 | D:2      | 1616 ||| BUYING potion of curing (39 gold).
  1616 | D:2      | Bought a potion of curing for 39 gold pieces
  1616 | D:2      | 1616 ||| BUYING potion of curing (39 gold).
  1616 | D:2      | Bought a potion of curing for 39 gold pieces
  1616 | D:2      | 1616 ||| SHOPLISTING potion of might (52 gold, have 35).
  1714 | D:2      | Reached XP level 4. HP: 26/26 MP: 8/8
  1792 | D:2      | You fall into a shaft and drop 1 floor!
  1795 | D:3      | Found a basalt altar of Yredelemnul.
  1896 | D:3      | 1896 ||| UPGRADING to amulet of the acrobat.
  1901 | D:3      | 1901 ||| READING 2 scrolls labelled YFU ZUZURUI.
  1902 | D:3      | 1902 ||| READING scroll labelled NUIFREJYMA.
  1902 | D:3      | Identified a scroll of acquirement
  1902 | D:3      | 1902 ||| ACQUIRING ring "Hyhoole" {rPois rF+ rC++ Will+
                  | MP+9}
  1902 | D:3      | Acquired the ring "Hyhoole" {rPois rF+ rC++ Will+ MP+9}
  1904 | D:3      | 1904 ||| UPGRADING to ring "Hyhoole" {rPois rF+ rC++ Will+
                  | MP+9}.
  1905 | D:3      | 1905 ||| READING scroll labelled TOTWEM ZUFUS DETS.
  1906 | D:3      | 1906 ||| DRINKING 2 white potions.
  1907 | D:3      | 1907 ||| DRINKING 2 fizzy golden potions.
  1930 | D:3      | 1930 ||| DRINKING 2 sedimented golden potions.
  1930 | D:3      | Gained mutation: Your spells are a little harder to cast,
                  | but a little more powerful. [potion of mutation]
  1930 | D:3      | Gained mutation: You have a pair of small horns on your
                  | head. [potion of mutation]
  1931 | D:3      | 1931 ||| DROPPING potion of degeneration.
  1932 | D:3      | 1932 ||| DROPPING potion of lignification.
  2246 | D:3      | 2246 ||| Stepping ~*~*~tactically~*~*~ (stealth).
  2260 | D:3      | Reached skill level 5 in Axes
  2275 | D:3      | 2275 ||| FLEEEEING.
  2332 | D:3      | 2332 ||| Stepping ~*~*~tactically~*~*~ (hiding).
  2344 | D:3      | HP: 6/26 [orc priest/nerve-wracking pain (5)]
  2348 | D:3      | Gained mutation: Your magical nature lets you fly swiftly
                  | and evasively. [Tengu growth]
  2348 | D:3      | Reached XP level 5. HP: 8/30 MP: 9/9
  2842 | D:3      | 2842 ||| UPGRADING to +0 chain mail.
  2852 | D:3      | 2852 ||| DROPPING +0 ring mail.
  2853 | D:3      | 2853 ||| UPGRADING to +0 chain mail of cold resistance.
  2863 | D:3      | 2863 ||| DROPPING +0 chain mail.
  2864 | D:3      | 2864 ||| READING scroll labelled OPLAECIFOA.
  2865 | D:3      | 2865 ||| READING scroll labelled IDYEHE OXEUSO.
  2868 | D:3      | 2868 ||| READING scroll labelled QENGINOOT QUYM.
  2869 | D:3      | 2869 ||| READING 4 scrolls of identify.
  2869 | D:3      | 2869 ||| IDENTIFYING purple potion
  2893 | D:4      | HP: 7/30 [iguana (8)]
  2895 | D:4      | Slain by an iguana

Levels and vault maps discovered:
D:1:      nzn_arrival_settlement, layout_loops_ring, dk_noncrumbling_4,
          minmay_worlds_worst_comb
D:2:      layout_rooms, basic_ecumenical_altar, serial_shops,
          nicolae_shop_waterfront, kennysheep_crisscross
D:3:      layout_basic, mainiacjoe_overflow_concentric_impassable
D:4:      layout_basic, kennysheep_generic_room_11

Skill      XL: |  1  2  3  4 |
---------------+-------------+-----
Axes           | 3 4 5 |  5.6
Fighting       | |  2.0
Throwing       | |  1.0
Armour         | |  1.1
Dodging        | |  2.1
Spellcasting   | |  2.0
Translocations | |  2.4

Action                   |  1- 3 |  4- 6 || total
-------------------------+-------+-------++-------
Melee: Hand axe          |    89 |    43 ||   132
       Kick              |    23 |    12 ||    35
       Peck              |    13 |     9 ||    22
       Headbutt          |       |     8 ||     8
Throw: Boomerang         |    15 |    13 ||    28
  Use: Scroll            |     3 |     7 ||    10
       Potion            |     1 |     3 ||     4
Armor: Leather armour    |     9 |       ||     9
       Ring mail         |     4 |     7 ||    11
       Chain mail        |       |     1 ||     1
Dodge: Dodged            |    31 |    28 ||    59

Table legend:
 A = Non-vault XP
 B = Vault XP
 C = Vault XP percentage of total XP
 D = Non-vault monster count
 E = Vault monster count
 F = Vault count percentage of total count
                 A         B        C        D         E       F
            +---------+---------+-------+---------+---------+-------
      Total |     165 |      12 |   6.8 |      46 |       6 |  11.5
            +---------+---------+-------+---------+---------+-------
        D:1 |      41 |      12 |  22.6 |      23 |       6 |  20.7
        D:2 |      31 |       0 |   0.0 |      10 |       0 |   0.0
        D:3 |      93 |       0 |   0.0 |      13 |       0 |   0.0
            +---------+---------+-------+---------+---------+-------
